 Dungeon Crawl Stone Soup version 0.31.0-1-g2c135a0 (webtiles) character file.

Game seed: 6990636611455615943

2341 jagoly the Cleaver (level 9, -7/57 HPs)
             Began as a Gargoyle Monk on Feb 1, 2024.
             Was a Believer of the Shining One.
             Killed by divine providence
             ... invoked by an orc priest
              (13 damage)
             ... on level 6 of the Dungeon.
             The game lasted 00:17:44 (2089 turns).

jagoly the Cleaver (Gargoyle Monk)                  Turns: 2089, Time: 00:17:45

Health: -7/57      AC: 21    Str: 22    XL:     9   Next: 43%
Magic:  7/9        EV:  9    Int: 11    God:    the Shining One [**....]
Gold:   251        SH: 11    Dex: 14    Spells: 8/8 levels left

rFire   . . .        e - +2 whip (elec)
rCold   + . .        d - orb {light}
rNeg    + + .        y - +0 chain mail
rPois   ∞            (no helmet)
rElec   +            l - +0 cloak
rCorr   +            p - +0 pair of gloves "Fumidyav" {-Tele rC+ Str+3 Dex+2}
SInv    .            w - +1 pair of boots
Will    .....        C - amulet of reflection Stlth
                     t - ring of resist corrosion
HPRegen 0.29/turn    (no ring)
MPRegen 0.11/turn

%: no teleportation, reflection
@: divinely shielded, glowing
A: sickness immunity, AC +6, negative energy resistance 1, electricity
resistance, torment resistance 1, petrification resistance
a: Renounce Religion, Divine Shield


You were on level 6 of the Dungeon.
You worshipped the Shining One.
The Shining One was pleased with you.
You visited 2 branches of the dungeon, and saw 9 of its levels.

You collected 251 gold pieces.

Inventory:

Hand Weapons
 a - a +0 hand axe
 e - a +2 whip of electrocution (weapon)
 E - a +1 antimagic quarterstaff
Missiles
 m - 30 stones (quivered)
 r - 2 boomerangs
Armour
 b - a +0 robe
 d - an orb of light (worn)
 l - a +0 cloak (worn)
 o - a +0 ring mail
 p - the +0 pair of gloves "Fumidyav" (worn) {-Tele rC+ Str+3 Dex+2}
   (You found it on level 3 of the Dungeon)

   Str+3:     It affects your strength (+3).
   Dex+2:     It affects your dexterity (+2).
   rC+:       It protects you from cold.
   -Tele:     It prevents most forms of teleportation.
 q - a +0 pair of gloves
 w - a +1 pair of boots (worn)
 y - a +0 chain mail (worn)
Magical Staves
 u - a staff of alchemy
 B - a staff of earth
Jewellery
 n - a ring of fire
 t - a ring of resist corrosion (left hand)
 C - an amulet of reflection (around neck)
Scrolls
 h - a scroll of noise {unknown}
 i - 3 scrolls of identify {unknown}
 k - a scroll of brand weapon {unknown}
 x - a scroll of immolation {unknown}
 z - 2 scrolls of amnesia {unknown}
 D - 3 scrolls of teleportation {unknown}
 F - a scroll of enchant weapon {unknown}
 G - a scroll of enchant armour {unknown}
Potions
 c - a potion of ambrosia
 f - a potion of heal wounds {unknown}
 g - 3 potions of haste {unknown}
 j - 2 potions of cancellation {unknown}
 s - a potion of lignification {unknown}
 v - a potion of might {unknown}
 A - a potion of resistance {unknown}


   Skills:
 + Level 7.6 Fighting
 * Level 8.5 Axes
 - Level 6.0 Armour
 - Level 3.0 Dodging


You had 8 spell levels left.
You didn't know any spells.
Your spell library contained the following spells:

 Spells                   Type           Power      Damage    Failure   Level
 Foxfire                  Conj/Fire      0%         2x1d4     90%         1
 Magic Dart               Conj           0%         1d3       90%         1
 Ensorcelled Hibernation  Hex/Ice        0%         N/A       97%         2
 Searing Ray              Conj           0%         2d4       97%         2
 Fugue of the Fallen      Necr           0%         N/A       99%         3
 Anguish                  Hex/Necr       0%         N/A       100%        4
 Fulminant Prism          Conj/Alch      0%         3d5       100%        4
 Plasma Beam              Fire/Air       0%         2x1d10    100%        6
 Starburst                Conj/Fire      0%         6d3       100%        6


Dungeon Overview and Level Annotations

Branches:
Dungeon (8/15) Zot: 26811  Temple (1/1) D:7 Zot: 5973
   Lair: D:8-11

Altars:
Ashenzari
Cheibriados
Dithmenos
Elyvilon
Fedhas
Gozag
Hepliaklqana
Kikubaaqudgha
Qazlal
Uskayaw
Vehumet
Wu Jian
Xom
Yredelemnul
Zin
The Shining One

Shops:
D:3 (

Annotations:
D:4 Dowan, Duvessa


Innate Abilities, Weirdness & Mutations

You are immune to sickness and miasma.
Your stone body is resilient. (AC +6)
You are immune to poison.
You resist negative energy. (rN+)
You are resistant to electric shocks. (rElec)
You are resistant to unholy torment.
You are immune to petrification.


Message History

You barely miss the sky beast.
The sky beast is heavily wounded.
The sky beast hits you but does no damage.
You whack the sky beast!
The sky beast is severely wounded.
The sky beast barely misses you.
You hit the sky beast.
The sky beast is almost dead.
The sky beast hits you but does no damage.
You hit the sky beast.
The sky beast is almost dead.
You hit the sky beast.
You kill the sky beast!
No target in view!
No target in view!
You pick up a book of Conjurations and begin reading...
You add the spells Magic Dart, Searing Ray and Fulminant Prism to your library.
F - a scroll labelled MAFIOL SE NURR
Found a scroll labelled USHRUPE GEOCK.
G - a scroll labelled USHRUPE GEOCK HP restored.
You open the door.
A centaur comes into view.
The centaur shouts!
The centaur wields a +0 orcbow.
The centaur shoots an arrow.
The arrow hits you but does no damage.
Found a staircase to the Ecumenical Temple.
The centaur shoots an arrow.
The arrow barely misses you.
The centaur shoots an arrow.
The arrow hits you but does no damage.
There is an open door here.
The centaur shoots an arrow.
The arrow hits you!
The centaur unwields a +0 orcbow.
The centaur barely misses you. x2
The centaur hits you but does no damage.
The centaur kicks you but does no damage.
There is a staircase to the Ecumenical Temple here.
You hit the centaur.
The centaur is lightly wounded.
The centaur hits you but does no damage.
The centaur kicks you but does no damage.
You hit the centaur.
The centaur is lightly wounded.
The centaur hits you.
The centaur kicks you but does no damage.
You hit the centaur.
The centaur is moderately wounded.
The centaur hits you but does no damage.
The centaur barely misses you.
You hit the centaur.
The centaur is moderately wounded.
The centaur hits you but does no damage.
The centaur kicks you but does no damage.
The centaur closely misses you.
The centaur kicks you but does no damage.
You hit the centaur.
The centaur is heavily wounded.
The centaur hits you but does no damage.
The centaur kicks you but does no damage.
You whack the centaur!
The centaur is almost dead.
The centaur closely misses you. The centaur kicks you.
You hit the centaur. Lightning courses through the centaur!
You kill the centaur!
You have reached level 9!
Your experience leads to an increase in your attributes!
Your base attributes are Str 17, Int 11, Dex 12.
Increase (S)trength, (I)ntelligence, or (D)exterity?
You feel stronger. x2
You climb downwards.
Welcome to the Ecumenical Temple!
Found two altars.
Found a staircase back to the Dungeon.
There is a staircase back to the Dungeon here.
Search for what [? for help]? .
Found a hazy altar of Hepliaklqana and a basalt altar of Yredelemnul.
Found a glowing golden altar of the Shining One.
Found a snail-covered altar of Cheibriados and a hide-covered altar of Uskayaw.
Found a staircase back to the Dungeon.
There is a glowing golden altar of the Shining One here.
You kneel at the altar of the Shining One.
The Shining One welcomes you!
You and your allies can now gain power from killing the unholy and evil.
You can now call upon the Shining One for a divine shield.
Found a stormy altar of Qazlal.
Found an opulent altar of Gozag.
There is a staircase back to the Dungeon here.
You climb upwards.
Welcome back to the Dungeon!
There is a staircase to the Ecumenical Temple here.
Found 5 gold pieces.
Things that are here:
a +0 orcbow; a centaur corpse You open the door.
An iguana comes into view.
The iguana hisses angrily.
Found a scroll labelled FOIRAWK BAYMASS.
There is an open door here.
You hit the iguana. Lightning courses through the iguana!
The iguana is almost dead.
The iguana bites you but does no damage.
You hit the iguana. Lightning courses through the iguana!
You kill the iguana!
D - 2 scrolls labelled FOIRAWK BAYMASS (gained 1)
You open the door.
Found a scroll labelled OFIDGHO BAEJUFY.
There is an open door here.
i - 3 scrolls labelled OFIDGHO BAEJUFY (gained 1)
You open the door.
There is an open door here.
There is a staircase to the Ecumenical Temple here.
You open the door.
There is an open door here.
An iguana comes into view.
The iguana hisses angrily.
You now have 230 gold pieces (gained 5).
An iguana is nearby!
The iguana barely misses you.
You barely miss the iguana.
The iguana bites you but does no damage.
You hit the iguana.
The iguana is moderately wounded.
The iguana bites you.
You hit the iguana but do no damage. Lightning courses through the iguana!!
You kill the iguana!
Your Fighting skill increases to level 7!
Found 2 stones.
Found 4 stones.
Found a stone staircase leading down.
Found a ruby potion.
m - 19 stones (gained 2)
Found a stone staircase leading up.
Found 5 stones and 8 gold pieces.
Found a scroll labelled FOIRAWK BAYMASS.
m - 24 stones (gained 5)
You now have 238 gold pieces (gained 8).
D - 3 scrolls labelled FOIRAWK BAYMASS (gained 1)
There is a stone staircase leading down here.
You climb downwards.
There is a stone staircase leading up here.
You climb upwards.
There is a stone staircase leading down here.
j - 2 ruby potions (gained 1)
There is a stone staircase leading up here.
You climb upwards.
The gnoll shouts! x4
The gnoll closely misses you. The gnoll hits you but does no damage.
The gnoll bouda hits you with a +0 whip.
There is a stone staircase leading down here.
The gnoll hits you from afar with a +0 spear.
The gnoll hits you from afar with a +0 halberd.
The gnoll hits you but does no damage. x2
The gnoll bouda gazes fiercely through you!
You feel your attacks grow feeble.
The gnoll bouda hits you with a +0 whip.
You climb downwards.
There is a stone staircase leading up here.
You hit the gnoll bouda.
The gnoll bouda is lightly wounded.
The gnoll hits you but does no damage. The gnoll closely misses you.
The gnoll bouda barks out a call to the hunt!
The gnolls pick up the pace!
You hit the gnoll bouda.
Lightning courses through the gnoll bouda!
You kill the gnoll bouda!
The Shining One accepts your kill.
Your attacks no longer feel as feeble.
The gnoll hits you but does no damage. The gnoll hits you with a +0 club.
You hit the gnoll.
The gnoll is moderately wounded.
The gnoll hits you but does no damage. x2
You whack the gnoll!
The gnoll is severely wounded.
The gnoll hits you but does no damage. The gnoll barely misses you.
You hit the gnoll.
The gnoll is almost dead.
You hit the gnoll.
You kill the gnoll!
The gnoll misses you.
You hit the gnoll but do no damage. Lightning courses through the gnoll!
The gnoll is severely wounded.
The gnoll closely misses you.
You whack the gnoll!
You kill the gnoll!
Training target 6.0 for Armour reached!
Your Armour skill increases to level 6!
There's nothing to close nearby.
You can't go down here!
Unknown command.
You can't go down here!
You climb upwards.
The hound barks!
The gnoll hits you with a +0 club. The hound bites you.
The gnoll hits you but does no damage. x2
There is a stone staircase leading down here.
The hound bites you but does no damage. The gnoll hits you but does no damage.
The gnoll hits you from afar with a +0 halberd.
You climb downwards.
There is a stone staircase leading up here.
You whack the gnoll!
The gnoll is heavily wounded.
The hound bites you but does no damage. x2; The gnoll hits you with a +0 club.
You hit the gnoll. Lightning courses through the gnoll!!
You kill the gnoll!
The hound bites you but does no damage.
You hit the hound.
The hound is lightly wounded.
The hound bites you but does no damage.
You whack the hound!
The hound is severely wounded.
The hound bites you but does no damage.
You whack the hound!
You kill the hound!
You climb upwards.
The shadow imp hits you but does no damage.
There is a stone staircase leading down here.
The shadow imp hits you but does no damage.
You climb downwards.
There is a stone staircase leading up here.
You hit the shadow imp.
The shadow imp is moderately wounded.
The shadow imp closely misses you.
You hit the shadow imp.
The shadow imp is heavily wounded.
The shadow imp hits you.
You hit the shadow imp.
The shadow imp is severely wounded.
The shadow imp hits you but does no damage.
You hit the shadow imp.
You kill the shadow imp!
The Shining One accepts your kill.
You feel better.
No target in view!
No target in view!
You climb upwards.
The gnoll closely misses you. The gnoll hits you but does no damage.
There is a stone staircase leading down here.
The gnoll hits you but does no damage. x2
There is a stone staircase leading down here.
You hit the gnoll but do no damage. The gnoll hits you but does no damage.
You hit the gnoll. Lightning courses through the gnoll!
You kill the gnoll!
The gnoll hits you but does no damage. The gnoll hits you but does no damage.
You see here a +0 halberd.
You hit the gnoll.
The gnoll is moderately wounded.
The gnoll hits you but does no damage.
You hit the gnoll.
The gnoll is moderately wounded.
The gnoll closely misses you.
You hit the gnoll.
The gnoll is severely wounded.
The gnoll hits you but does no damage.
You hit the gnoll. Lightning courses through the gnoll!
You kill the gnoll!
No target in view!
Unknown command.
Found a stone staircase leading up.
There is a stone staircase leading up here.
You climb upwards.
There is a stone staircase leading down here.
You now have 251 gold pieces (gained 13).
There is a stone staircase leading down here.
You climb downwards.
There is a stone staircase leading up here.
An adder comes into view.
The adder moves out of view.
An adder is nearby!
You completely miss the adder. The adder bites you but does no damage.
You hit the adder.
The adder is heavily wounded.
The adder bites you but does no damage.
You hit the adder.
You kill the adder!
No target in view!
No target in view!
You see here an adder corpse.
A scorpion comes into view.
Found a broken altar of Ashenzari.
You hit the scorpion.
Lightning courses through the scorpion!!
You kill the scorpion!
Your Axes skill increases to level 8!
No target in view!
No target in view!
Found a glowing silver altar of Zin.
Found 6 stones.
Found a shadowy altar of Dithmenos.
An iguana comes into view.
The iguana hisses angrily.
An ice beast comes into view.
You see here 6 stones.
m - 30 stones (gained 6)
You hit the iguana.
The iguana is moderately wounded.
The iguana bites you but does no damage.
You hit the iguana but do no damage.
The iguana is moderately wounded.
The iguana bites you but does no damage.
You whack the iguana!
The iguana is almost dead.
You whack the iguana!
You kill the iguana!
The ice beast hits you. The ice beast freezes you. You resist.
You see here an iguana corpse.
You hit the ice beast but do no damage.
The ice beast hits you but does no damage.
You hit the ice beast.
The ice beast is lightly wounded.
The ice beast hits you but does no damage.
You hit the ice beast.
The ice beast is moderately wounded.
The ice beast hits you but does no damage.
You barely miss the ice beast.
The ice beast is moderately wounded.
You hit the ice beast but do no damage.
The ice beast is moderately wounded.
The ice beast barely misses you.
You hit the ice beast.
The ice beast is moderately wounded.
The ice beast closely misses you.
You hit the ice beast but do no damage.
The ice beast is moderately wounded.
The ice beast hits you but does no damage.
You hit the ice beast.
The ice beast is heavily wounded.
The ice beast hits you but does no damage.
You hit the ice beast.
The ice beast is heavily wounded.
The ice beast barely misses you.
You whack the ice beast!
The ice beast is severely wounded.
The ice beast completely misses you.
You hit the ice beast.
Lightning courses through the ice beast!
You kill the ice beast!
No target in view!
No target in view!
HP restored.
There is a shadowy altar of Dithmenos here.
A water moccasin comes into view.
The water moccasin hisses angrily.
You hit the water moccasin.
The water moccasin is lightly wounded.
The water moccasin bites you but does no damage. x2
You hit the water moccasin.
The water moccasin is lightly wounded.
The water moccasin bites you but does no damage.
You hit the water moccasin.
The water moccasin is lightly wounded.
The water moccasin barely misses you.
You whack the water moccasin!
The water moccasin is heavily wounded.
The water moccasin bites you but does no damage.
You barely miss the water moccasin.
The water moccasin is heavily wounded.
The water moccasin bites you but does no damage.
You completely miss the water moccasin.
The water moccasin is heavily wounded.
The water moccasin closely misses you.
You whack the water moccasin!
Lightning courses through the water moccasin!
You kill the water moccasin!
No target in view!
No target in view!
Sigmund the Dreaded comes into view.
He is wielding a +0 scythe.
Sigmund casts a spell.
Sigmund flickers and vanishes!
Deactivating autopickup; reactivate with Ctrl-A.
There is a strange disturbance nearby!
Found a shimmering altar of Xom.
Sigmund breathes a few words.
Sigmund's hands start flickering wildly.
Sigmund hits you but does no damage.
An orc comes into view. It is wielding a +0 hand axe.
An orc warrior comes into view. It is wielding a +1 vampiric glaive.
Sigmund hits you with a +0 scythe.
The orc warrior shouts!
You whack Sigmund!
Sigmund is moderately wounded.
You barely miss Sigmund.
Sigmund is moderately wounded.
Sigmund hits you but does no damage.
You hit Sigmund.
Sigmund is heavily wounded.
You hit Sigmund.
Sigmund is heavily wounded.
Sigmund hits you but does no damage.
You hit Sigmund.
Sigmund is severely wounded.
An orc comes into view. It is wielding a +0 dagger.
The orc shouts!
You hit Sigmund but do no damage.
Sigmund is severely wounded.
Sigmund hits you with a +0 scythe!
You barely miss Sigmund.
Sigmund is severely wounded.
The orc warrior closely misses you.
A jelly comes into view.
You barely miss Sigmund.
Sigmund is severely wounded.
The jelly quivers.
Sigmund barely misses you.
The orc warrior hits you from afar with a +1 vampiric glaive.
You whack Sigmund!
Sigmund is almost dead.
Sigmund closely misses you.
The orc warrior hits you from afar with a +1 vampiric glaive.
You hit Sigmund. Lightning courses through Sigmund!
You kill Sigmund!
Reactivating autopickup.
An orc priest comes into view. It is wielding a +0 dagger.
The orc warrior hits you with a +1 vampiric glaive!
Things that are here:
a +0 scythe; a +0 robe; the human corpse of Sigmund You hit the orc warrior.
The orc warrior is lightly wounded.
The orc warrior hits you with a +1 vampiric glaive.
* * * LOW HITPOINT WARNING * * *
You hit the orc warrior but do no damage.
The orc warrior is lightly wounded.
You fail to use your ability.
The orc hits you but does no damage.
Your shield is strengthened by the Shining One's divine power.
The orc misses you.
The orc warrior hits you but does no damage.
You aren't carrying any items that you can evoke.
Hit: e) +2 whip (elec)
Press: ? - help, Dir - move target, f - orc warrior
Aim: an orc warrior, wielding a +1 vampiric glaive, wearing a +0 chain mail and quivering boomerangs (lightly wounded, haloed, about 21% to evade your +2 whip of electrocution)
You barely miss the orc warrior.
The orc warrior is lightly wounded.
The orc barely misses you.
The orc priest calls upon Beogh to heal the orc warrior.
The orc warrior's wounds heal themselves!
The orc warrior hits you with a +1 vampiric glaive.
* * * LOW HITPOINT WARNING * * *
Hit: e) +2 whip (elec)
Press: ? - help, Dir - move target, f/p - orc warrior
Aim: an orc warrior, wielding a +1 vampiric glaive, wearing a +0 chain mail and quivering boomerangs (haloed, about 21% to evade your +2 whip of electrocution)
You hit the orc warrior.
Lightning courses through the orc warrior!
The orc warrior is heavily wounded.
The orc hits you but does no damage.
Hit: e) +2 whip (elec)
Press: ? - help, Dir - move target, f/p - orc warrior
Aim: an orc warrior, wielding a +1 vampiric glaive, wearing a +0 chain mail and quivering boomerangs (heavily wounded, haloed, about 21% to evade your +2 whip of electrocution)
You hit the orc warrior but do no damage.
The orc warrior is heavily wounded.
The orc misses you.
The orc warrior hits you with a +1 vampiric glaive!
* * * LOW HITPOINT WARNING * * *
Hit: e) +2 whip (elec)
Press: ? - help, Dir - move target, f/p - orc warrior
Aim: an orc warrior, wielding a +1 vampiric glaive, wearing a +0 chain mail and quivering boomerangs (heavily wounded, haloed, about 21% to evade your +2 whip of electrocution)
You hit the orc warrior but do no damage.
The orc warrior is heavily wounded.
Hit: e) +2 whip (elec)
Press: ? - help, Dir - move target, f/p - orc warrior
Aim: an orc warrior, wielding a +1 vampiric glaive, wearing a +0 chain mail and quivering boomerangs (heavily wounded, haloed, about 21% to evade your +2 whip of electrocution)
You hit the orc warrior but do no damage.
The orc warrior is heavily wounded.
The orc warrior closely misses you. The orc priest closely misses you.
The orc hits you with a +0 dagger.
* * * LOW HITPOINT WARNING * * *
Hit: e) +2 whip (elec)
Press: ? - help, Dir - move target, f/p - orc warrior
Aim: an orc warrior, wielding a +1 vampiric glaive, wearing a +0 chain mail and quivering boomerangs (heavily wounded, haloed, about 21% to evade your +2 whip of electrocution)
You barely miss the orc warrior.
The orc warrior is heavily wounded.
The orc priest hits you but does no damage.
The orc hits you but does no damage.
The orc warrior hits you but does no damage.
Hit: e) +2 whip (elec)
Press: ? - help, Dir - move target, f/p - orc warrior
Aim: an orc warrior, wielding a +1 vampiric glaive, wearing a +0 chain mail and quivering boomerangs (heavily wounded, haloed, about 21% to evade your +2 whip of electrocution)
You hit the orc warrior but do no damage.
The orc warrior is heavily wounded.
The orc priest hits you with a +0 dagger.
* * * LOW HITPOINT WARNING * * *
The orc hits you but does no damage.
The orc warrior hits you but does no damage.
Hit: e) +2 whip (elec)
Press: ? - help, Dir - move target, f/p - orc warrior
Aim: an orc warrior, wielding a +1 vampiric glaive, wearing a +0 chain mail and quivering boomerangs (heavily wounded, haloed, about 21% to evade your +2 whip of electrocution)
You hit the orc warrior but do no damage.
The orc warrior is heavily wounded.
The orc priest misses you.
The orc warrior hits you with a +1 vampiric glaive.
* * * LOW HITPOINT WARNING * * *
The orc closely misses you.
Hit: e) +2 whip (elec)
Press: ? - help, Dir - move target, f/p - orc warrior
Aim: an orc warrior, wielding a +1 vampiric glaive, wearing a +0 chain mail and quivering boomerangs (heavily wounded, haloed, about 21% to evade your +2 whip of electrocution)
You hit the orc warrior but do no damage.
The orc warrior is heavily wounded.
Hit: e) +2 whip (elec)
Press: ? - help, Dir - move target, f/p - orc warrior
Aim: an orc warrior, wielding a +1 vampiric glaive, wearing a +0 chain mail and quivering boomerangs (heavily wounded, haloed, about 21% to evade your +2 whip of electrocution)
You hit the orc warrior.
Lightning courses through the orc warrior!
The orc warrior is almost dead.
The orc priest mumbles some strange prayers to Beogh against you.
Beogh smites you!
You die...

# .... #....##### #
...... #......... #
...... #....####. .#
...... #....# #.. .♣
......########....###..
..
......#...........##...
#♣#
...........###....##._.
.##o................
#o@#..####.........
#....o##..# .......#..
...._.J ............###.
##.....##..####.....##..
#..#.#. #..# #.....#...
.. #.## ..## #... . .
..# #... .. ##.. #...


You could see an orc warrior, a jelly, an orc priest and an orc.

Vanquished Creatures
  Sigmund (D:6)
  2 water moccasins
  A sky beast (D:7)
  2 ice beasts (D:6)
  A black bear (D:5)
  An ogre (D:5)
  2 centaurs
  2 phantoms
  2 scorpions
  4 killer bees (D:7)
  A bombardier beetle (D:4)
  A jelly (D:5)
  7 hounds
  2 gnoll boudas
  An orc priest (D:5)
  8 iguanas
  2 orc wizards
  14 gnolls
  9 adders
  3 shadow imps
  2 dart slugs
  A ribbon worm (D:4)
  8 orcs
  3 ball pythons
  A bat (D:1)
  6 endoplasms
  A giant cockroach (D:2)
  4 goblins
  8 hobgoblins
  6 jackals
  A quokka (D:4)
  2 frilled lizards (D:1)
  5 kobolds
  3 rats (D:3)
117 creatures vanquished.

Notes
Turn   | Place    | Note
-------+----------+-------------------------------------------
     0 | D:1      | jagoly the Gargoyle Monk began the quest for the Orb.
     0 | D:1      | Reached XP level 1. HP: 14/14 MP: 1/1
    89 | D:1      | Reached XP level 2. HP: 19/19 MP: 2/2
   159 | D:1      | Reached skill level 3 in Axes
   230 | D:2      | Reached skill level 1 in Armour
   234 | D:2      | Reached XP level 3. HP: 12/23 MP: 3/3
   354 | D:3      | Found a blossoming altar of Fedhas.
   404 | D:3      | Reached XP level 4. HP: 29/29 MP: 4/4
   475 | D:3      | Found an ornate altar of the Wu Jian Council.
   532 | D:3      | Identified the +0 pair of gloves "Fumidyav" {-Tele rC+
                  | Str+3 Dex+2}
   586 | D:3      | Found Ymeebon's Weapon Shop.
   588 | D:3      | Found a radiant altar of Vehumet.
   646 | D:3      | Reached XP level 5. HP: 23/33 MP: 5/5
   692 | D:4      | Reached skill level 4 in Axes
   868 | D:4      | Noticed Dowan
   871 | D:4      | Noticed Duvessa
   875 | D:3      | Reached XP level 6. HP: 21/39 MP: 6/6
  1054 | D:5      | Entered Level 5 of the Dungeon
  1074 | D:4      | Reached skill level 5 in Axes
  1075 | D:4      | Reached XP level 7. HP: 14/44 MP: 7/7
  1210 | D:5      | Reached skill level 5 in Fighting
  1434 | D:5      | Reached skill level 6 in Axes
  1445 | D:5      | Reached XP level 8. HP: 48/51 MP: 8/8
  1560 | D:5      | Reached skill level 5 in Armour
  1661 | D:5      | Reached skill level 7 in Axes
  1769 | D:7      | Found a staircase to the Ecumenical Temple.
  1780 | D:7      | Reached XP level 9. HP: 40/56 MP: 9/9
  1781 | Temple   | Entered the Ecumenical Temple
  1794 | Temple   | Became a worshipper of the Shining One
  1794 | Temple   | Reached * piety under the Shining One
  1794 | Temple   | Reached ** piety under the Shining One
  1996 | D:6      | Found a broken altar of Ashenzari.
  1999 | D:6      | Reached skill level 8 in Axes
  2000 | D:6      | Found a glowing silver altar of Zin.
  2003 | D:6      | Found a shadowy altar of Dithmenos.
  2060 | D:6      | Noticed Sigmund
  2061 | D:6      | Found a shimmering altar of Xom.
  2074 | D:6      | Killed Sigmund
  2089 | D:6      | Killed from afar by an orc priest

Illustrated notes

Levels and vault maps discovered:
D:1:      dpeg_arrival_round_b, layout_loops_corners, serial_shops,
          nicolae_shop_waterfront, hangedman_decor_slide_cut
D:2:      layout_basic, shapermc_ecumenical_altar_hornbeckon, basic_altar,
          wad_floor_pattern_untrapped
D:3:      layout_basic, vehumet_statue, mainiacjoe_overflow_cross_hatched,
          mainiacjoe_overflow_brackets, serial_shops,
          nicolae_shop_tiny_statue_garden
D:4:      layout_cave_pools, trog_book, uniq_duvessa
D:5:      kennysheep_six_static_rooms, layout_rooms, gammafunk_ghost_arena,
          serial_bayou_lagoon_a, minmay_circle_x
D:6:      old_forge, layout_rooms, grunt_temple_overflow_open,
          mainiacjoe_overflow_small_starburst, grunt_ministairs_8,
          dreamdust_gnoll_farm, uniq_sigmund
D:7:      layout_basic, temple_doors_e
D:8:      layout_loops_ring, okawaru_ov_weapons_minmay,
          nicolae_ru_the_path_less_chosen, makhleb_altar_promises_db,
          mainiacjoe_overflow_surrounded_room
Temple:   nicolae_temple_ecumenical_triangle

Skill      XL: |  1  2  3  4  5  6  7  8  9 |
---------------+----------------------------+-----
Axes           | 3 4 5 6 7 8 |  8.5
Armour         | 1 2 3 4 5 6 |  6.0
Fighting       | 4 5 6 7 |  7.6
Dodging        | 3 |  3.0

Action                     |  1- 3 |  4- 6 |  7- 9 || total
---------------------------+-------+-------+-------++-------
  Melee: Hand axe          |    21 |       |       ||    21
         Whip              |    31 |   145 |   234 ||   410
  Throw: Stone             |       |     1 |     1 ||     2
         Boomerang         |       |       |     2 ||     2
 Invoke: Divine Shield     |       |       |     1 ||     1
 Armour: Robe              |    25 |     3 |       ||    28
         Ring mail         |       |    94 |    37 ||   131
         Chain mail        |       |       |   177 ||   177
  Dodge: Dodged            |    35 |   101 |   102 ||   238
